 Dungeon Crawl Stone Soup version 0.25.0-15-gac7dcb8919 (webtiles) character file.

Game seed: 922605699631527547

174 kelmiir the Covered (level 5, -4/34 HPs)
             Began as a Gargoyle Fighter on June 28, 2020.
             Killed by nerve-wracking pain
             ... invoked by an orc priest
              (6 damage)
             ... on level 4 of the Dungeon.
             The game lasted 00:03:43 (3215 turns).

kelmiir the Covered (Gargoyle Fighter)              Turns: 3215, Time: 00:03:44

Health: -4/34      AC: 11    Str: 20    XL:     5   Next: 54%
Magic:  5/5        EV:  7    Int:  9    God:
Gold:   111        SH:  9    Dex:  9    Spells: 4/4 levels left

rFire    . . .     SeeInvis .   a - +0 flail
rCold    . . .     Gourm    .   c - +0 kite shield
rNeg     + . .     Faith    .   b - +0 scale mail
rPois    ∞         Spirit   .   (no helmet)
rElec    +         Reflect  .   (no cloak)
rCorr    .         Harm     .   (no gloves)
MR       .....                  (no boots)
Stlth    ..........             (no amulet)
HPRegen  0.11/turn              (no ring)
MPRegen  0.09/turn              (no ring)

@: no status effects
A: negative energy resistance 1, electricity resistance, unbreathing,
petrification resistance, rot immunity, AC +4
a: no special abilities


You were on level 4 of the Dungeon.
You were not hungry.

You visited 1 branch of the dungeon, and saw 4 of its levels.

You collected 111 gold pieces.

Inventory:

Hand Weapons
 a - a +0 flail (weapon)
Armour
 b - a +0 scale mail (worn)
 c - a +0 kite shield (worn)
Jewellery
 m - an uncursed ring of ice
Wands
 n - a wand of random effects (21)
Potions
 d - a potion of might
 h - a potion of mutation {unknown}
 i - a potion of stabbing {unknown}
Comestibles
 f - 6 rations


   Skills:
 * Level 4.3 Fighting
 * Level 4.1 Maces & Flails
 * Level 4.4 Armour
 - Level 3.2 Shields


You had 4 spell levels left.
You didn't know any spells.
Your spell library contained the following spells:

 Spells                   Type           Power        Failure   Level  Hunger
 Magic Dart               Conj           #...         99%         1    ##.....
 Blink                    Tloc           N/A          100%        2    ###....
 Call Imp                 Summ           #.......     100%        2    ###....
 Slow                     Hex            #.......     100%        2    ###....
 Conjure Flame            Conj/Fire      #.......     100%        3    ####...
 Mephitic Cloud           Conj/Pois/Air  #.......     100%        3    ####...


Dungeon Overview and Level Annotations

Branches:
Dungeon (4/15)
 Temple: D:4-7

Altars:


Innate Abilities, Weirdness & Mutations

You are resistant to torment.
Your stone body is resilient. (AC +4)
You are immune to poison.
You resist negative energy. (rN+)
You are resistant to electric shocks. (rElec)
You can survive without breathing.
You are immune to petrification.
You are immune to rotting.


Message History

You feel better.
The orc priest hits you but does no damage.
You barely miss the orc priest.
The orc priest is lightly wounded.
The orc priest hits you but does no damage.
Your shield prevents you from hitting the orc priest.
The orc priest is lightly wounded.
The orc priest invokes the aid of Beogh against you.
Beogh smites you!
The orc priest hits you with a +0 morningstar!
* * * LOW HITPOINT WARNING * * *
You closely miss the orc priest.
The orc priest is lightly wounded.
The orc priest hits you with a +0 morningstar.
* * * LOW HITPOINT WARNING * * *
You aren't carrying any scrolls.
Unknown command.
The orc priest calls down the wrath of Beogh upon you.
Pain shoots through your body!
You die...

#+ #.# #.# ### ##<##
##.## ##...####...##
#.....##.....###.#
#####...##.....<....#
#...............#####
..####@#####...## #.#
##.## #o# ### #o# #o#
..# #.# #.# #.#


You could see 2 orc priests and an orc.

Vanquished Creatures
  Jessica (D:2)
  A hound skeleton (D:2)
  4 gnolls (D:3)
  2 adders
  3 worms
  2 dart slugs (D:3)
  2 leopard geckos
  2 orcs
  4 giant cockroaches
  4 goblins
  5 hobgoblins
  7 jackals
  A quokka (D:2)
  5 bats
  3 frilled lizards
  10 kobolds
  11 rats
67 creatures vanquished.

Notes
Turn   | Place    | Note
-------+----------+-------------------------------------------
     0 | D:1      | kelmiir the Gargoyle Fighter began the quest for the Orb.
     0 | D:1      | Reached XP level 1. HP: 14/14 MP: 1/1
   322 | D:1      | Reached XP level 2. HP: 17/19 MP: 2/2
   849 | D:2      | Reached XP level 3. HP: 18/24 MP: 3/3
  1132 | D:2      | Reached XP level 4. HP: 21/29 MP: 4/4
  1224 | D:2      | Noticed Jessica
  1234 | D:2      | Killed Jessica
  1843 | D:3      | Reached XP level 5. HP: 33/33 MP: 5/5
  3215 | D:4      | Killed from afar by an orc priest

Illustrated notes

Levels and vault maps discovered:
D:1:      lemuel_arrival_muddy, layout_basic
D:2:      layout_rooms, uniq_jessica
D:3:      layout_basic
D:4:      layout_loops_corners, ebering_ghost_sewer_d, first_ration, uniq_edmund

Skill      XL: |  1  2  3  4  5 |
---------------+----------------+-----
Armour         | 4 |  4.4
Maces & Flails | 3 4 |  4.1
Fighting       | 4 |  4.3
Shields        | |  3.2

Action                   |  1- 3 |  4- 6 || total
-------------------------+-------+-------++-------
Melee: Flail             |   114 |   132 ||   246
  Use: Scroll            |       |     7 ||     7
       Potion            |       |     2 ||     2
  Eat: Chunk             |     1 |     4 ||     5
       Ration            |       |     1 ||     1
Armor: Scale mail        |    65 |    72 ||   137
Dodge: Dodged            |    40 |    43 ||    83
Block: Kite shield       |    70 |    71 ||   141
